 Dungeon Crawl Stone Soup version 0.25-a0-1007-g10a8c3caa8 (webtiles) character file.

Game seed: 3953349745286975512, levelgen mode: classic

18 Amnesiac the Chiller (level 2, 0/16 HPs)
             Began as a Deep Elf Ice Elementalist on May 11, 2020.
             Succumbed to an adder's poison
             ... on level 3 of the Dungeon.
             The game lasted 00:01:12 (344 turns).

Amnesiac the Chiller (Deep Elf Ice Elementalist)     Turns: 344, Time: 00:01:13

Health: 0/16       AC:  2    Str:  5    XL:     2   Next: 51%
Magic:  4/8        EV: 13    Int: 19    God:
Gold:   36         SH:  0    Dex: 15    Spells: 6/7 levels left

rFire    . . .     SeeInvis .   b - +0 short sword
rCold    . . .     Gourm    .   (no shield)
rNeg     . . .     Faith    .   a - +0 robe
rPois    .         Spirit   .   (no helmet)
rElec    .         Reflect  .   (no cloak)
rCorr    .         Harm     .   (no gloves)
MR       .....                  (no boots)
Stlth    ++........             (no amulet)
HPRegen  0.05/turn              (no ring)
MPRegen  0.11/turn              (no ring)

@: brilliant, lethally poisoned (0 -> -3)
A: no striking features
a: no special abilities


You were on level 3 of the Dungeon.
You were not hungry.

You visited 1 branch of the dungeon, and saw 3 of its levels.

You collected 36 gold pieces.

Inventory:

Hand Weapons
 b - a +0 short sword (weapon)
Armour
 a - a +0 robe (worn)
Scrolls
 e - a scroll of noise {!r, unknown}
 g - a scroll of teleportation {!r, unknown}
Comestibles
 c - 2 rations
 d - a chunk of flesh


   Skills:
 + Level 0.4 Fighting
 - Level 2.4 Dodging
 - Level 2.8 Stealth
 - Level 3.3 Spellcasting
 - Level 4.7 Ice Magic


You had 6 spell levels left.
You knew the following spells:

 Your Spells              Type           Power        Failure   Level  Hunger
a - Freeze                Ice            ####         1%          1    None

Your spell library contained the following spells:

 Spells                   Type           Power        Failure   Level  Hunger
 Frozen Ramparts          Ice            ####..       6%          3    None
 Ozocubu's Armour         Chrm/Ice       ###.....     17%         3    None
 Hailstorm                Conj/Ice       ###.....     50%         4    None
 Summon Ice Beast         Ice/Summ       ###.....     50%         4    None


Dungeon Overview and Level Annotations

Branches:
Dungeon (3/15)

Altars:


Message History

an adder corpse Really quaff
d - a bubbling dark potion {!q}?
It was a potion of brilliance {!q}.
You feel clever all of a sudden.
* * * LOW HITPOINT WARNING * * *
You feel sick.
Unknown command.
There are no objects that can be picked up here. an adder corpse All of the chunks of flesh in your inventory have rotted away.
* * * LOW HITPOINT WARNING * * *
You feel sick.
* * * LOW HITPOINT WARNING * * *
You feel sick.
* * * LOW HITPOINT WARNING * * *
You feel sick.
You open the door.
A dart slug comes into view.
The giant cockroach waves its antennae.
As you close the door, it creaks loudly!
* * * LOW HITPOINT WARNING * * *
You feel sick.
Casting: Freeze (safe; 1% risk of failure)
Confirm with . or Enter, or press ? or * to list all spells.
Aiming: Freeze (safe; 1% risk of failure)
Press: ? - help, Shift-Dir - straight line, f - giant cockroach
Aim: a giant cockroach You feel a surge of power!
You freeze the giant cockroach.
You kill the giant cockroach!
Unknown command.
You see here a giant cockroach corpse.
You butcher the giant cockroach corpse.
* * * LOW HITPOINT WARNING * * *
You feel sick.
You see here a chunk of flesh.
d - a chunk of flesh As you open the door, it creaks loudly!
Casting: Freeze (safe; 1% risk of failure)
Confirm with . or Enter, or press ? or * to list all spells.
Aiming: Freeze (safe; 1% risk of failure)
Press: ? - help, Shift-Dir - straight line, f - dart slug
Aim: a dart slug You feel a surge of power!
You freeze the dart slug.
The dart slug is moderately wounded.
* * * LOW HITPOINT WARNING * * *
You feel sick.
Your magical contamination has completely faded away.
Unknown command.
Casting: Freeze (safe; 1% risk of failure)
Confirm with . or Enter, or press ? or * to list all spells.
Aiming: Freeze (safe; 1% risk of failure)
Press: ? - help, Shift-Dir - straight line, f/p - dart slug
Aim: a dart slug (moderately wounded)
You feel a surge of power!
You freeze the dart slug!
You kill the dart slug!
Unknown command.
A worm comes into view.
Found a ring mail.
There is an open door here.
You see here a dart slug corpse.
You close the door, pushing everything out of the way.
* * * LOW HITPOINT WARNING * * *
You feel sick.
You die...

######### #.......#
#.#####.# #.# #.#
####### #.# #.#######
......# #.# #.##....#
......# #.#
###.##...@#####......#
####.#
#....+†.......+......+
.....#
#.#.##....#####......#
###### #.#.#.....#
......# #.#.#.....#
......# #.#.#.....#
..w...# #.#s#.....#
....#.. #.#......##
....# . #.#......#
.[..#


There were no monsters in sight!

Vanquished Creatures
  An adder (D:3)
  A dart slug (D:3)
  A leopard gecko (D:2)
  2 giant cockroaches
  A quokka (D:2)
  A frilled lizard (D:2)
7 creatures vanquished.

Notes
Turn   | Place    | Note
-------+----------+-------------------------------------------
     0 | D:1      | Amnesiac the Deep Elf Ice Elementalist began the quest for
                  | the Orb.
     0 | D:1      | Reached XP level 1. HP: 10/10 MP: 6/6
   317 | D:3      | Reached XP level 2. HP: 9/15 MP: 4/8
   344 | D:3      | Succumbed to an adder's poison

Illustrated notes

Levels and vault maps discovered:
D:1:      giann_bridges, layout_basic, dk_noncrumbling_3
D:2:      layout_basic, okawaru_ov_weapons_minmay, minmay_misc_feat_roman
D:3:      layout_basic, nicolae_qazlal_general_emergency, uniq_ijyb

Action                   || total
-------------------------++-------
 Cast: Freeze            ||    10
  Use: Potion            ||     1
Armor: Robe              ||     1
Dodge: Dodged            ||     2

Table legend:
 A = Non-vault XP
 B = Vault XP
 C = Vault XP percentage of total XP
 D = Non-vault monster count
 E = Vault monster count
 F = Vault count percentage of total count
                 A         B        C        D         E       F
            +---------+---------+-------+---------+---------+-------
      Total |      27 |       0 |   0.0 |       7 |       0 |   0.0
            +---------+---------+-------+---------+---------+-------
        D:2 |       8 |       0 |   0.0 |       4 |       0 |   0.0
        D:3 |      19 |       0 |   0.0 |       3 |       0 |   0.0
            +---------+---------+-------+---------+---------+-------
